 Dungeon Crawl Stone Soup version 0.30-a0-219-gf2db51d15e (webtiles) character file.

Game seed: 7392754130697615266

134 dracfodder the Conjurer (level 4, -3/34 HPs)
             Began as a Draconian Conjurer on Oct 7, 2022.
             Slain by a gnoll bouda
             ... wielding a +0 club
              (6 damage)
             ... on level 3 of the Dungeon.
             The game lasted 00:12:50 (2637 turns).

dracfodder the Conjurer (Draconian Conjurer)        Turns: 2637, Time: 00:12:51

Health: -3/34      AC:  8    Str:  9    XL:     4   Next: 95%
Magic:  7/7        EV: 12    Int: 21    God:
Gold:   138        SH:  0    Dex:  9    Spells: 5/8 levels left

rFire   . . .      SeeInvis .    m - +4 quarterstaff (chaos)
rCold   . . .      Faith    .    (shield currently unavailable)
rNeg    . . .      Spirit   .    (body armour unavailable)
rPois   .          Reflect  .    (helmet restricted)
rElec   .          Harm     .    n - +0 cloak
rCorr   .          Rampage  .    p - +0 pair of gloves
Will    .....                    e - +0 pair of boots
Stlth   ++........               (no amulet)
HPRegen 0.25/turn                (no ring)
MPRegen 0.10/turn                (no ring)

@: weakened
A: AC +5, unfitting armour, cold-blooded
a: no special abilities


You were on level 3 of the Dungeon.
You visited 1 branch of the dungeon, and saw 3 of its levels.

You collected 138 gold pieces.

Inventory:

Hand Weapons
 f - a +4 spear
 j - a +0 sling
 m - a +4 quarterstaff of chaos (weapon)
 o - the +2 hammer of Feowakhidd {elec, +Blink rC+}
   (You found it on level 2 of the Dungeon)

   It occasionally discharges a powerful burst of electricity upon striking a
   foe.
   rC:        It protects you from cold.
   +Blink:    It lets you blink.
Armour
 e - a +0 pair of boots (worn)
 n - a +0 cloak (worn)
 p - a +0 pair of gloves (worn)
Wands
 h - a wand of flame (17)
 k - a wand of charming (8)
Scrolls
 g - 2 scrolls of blinking
Potions
 b - a potion of flight
 c - a potion of degeneration {unknown}
 d - a potion of ambrosia {unknown}
 i - a potion of attraction {unknown}
 l - a potion of might {unknown}


   Skills:
 + Level 0.4 Fighting
 + Level 1.2 Polearms
 + Level 2.3 Dodging
 + Level 2.1 Stealth
 + Level 2.5 Spellcasting
 + Level 5.3 Conjurations


You had 5 spell levels left.
You knew the following spells:

 Your Spells              Type           Power      Damage    Failure   Level
a - Magic Dart            Conj           100%       1d8       1%          1
b - Searing Ray           Conj           50%        2d6       2%          2

Your spell library contained the following spells:

 Spells                   Type           Power      Damage    Failure   Level
 Dazzling Flash           Conj/Hex       26%        N/A       14%         3
 Hailstorm                Conj/Ice       13%        3d5       14%         3
 Fulminant Prism          Conj/Hex       6%         3d7       43%         4
 Iskenderun's Mystic Bla  Conj/Tloc      13%        2d5       43%         4
 Ice Form                 Ice/Tmut       2%         N/A       80%         4
 Simulacrum               Ice/Necr       1%         N/A       100%        6


Dungeon Overview and Level Annotations

Branches:
Dungeon (3/15)

Altars:
Ashenzari


Innate Abilities, Weirdness & Mutations

Your plain brown scales are hard. (AC +5)
You cannot fit into any form of body armour.
You are cold-blooded and may be slowed by cold attacks.


Message History

The gnoll throws a throwing net.
The throwing net misses you.
You hear something call down the wrath of a god upon you.
You feel your attacks grow feeble. Something hits you.
You hit something.
Nothing appears to happen.
The gnoll hits you from afar with a +0 spear.
You hear some strange, mumbled prayers to a god.
Aiming: Searing Ray (safe; 2% risk of failure)
Press: ? - help, Q - select action, (/) - cycle Shift-Dir - straight line, f - gnoll
Aim: a gnoll, wielding a +0 spear (covering ground quickly, 82% to hit)
The searing ray hits something.
The searing ray hits the gnoll.
The gnoll is heavily wounded. (Press . to maintain the ray.)
The gnoll misses you.
You hear some strange, mumbled prayers to a god.
Without enough magic to sustain it, your searing ray dissipates.
The gnoll misses you. Something hits you.
Aiming: Throw Flame
Press: ? - help, Shift-Dir - straight line, f/p - gnoll
Aim: a gnoll, wielding a +0 spear (heavily wounded, covering ground quickly, 72% to hit)
The puff of flame hits the gnoll.
The gnoll is almost dead.
The gnoll hits you from afar with a +0 spear.
* * * LOW HITPOINT WARNING * * *
Something hits you but does no damage.
Aiming: Throw Flame
Press: ? - help, Shift-Dir - straight line, f/p - gnoll
Aim: a gnoll, wielding a +0 spear (almost dead, covering ground quickly, 72% to hit)
The puff of flame hits something.
The gnoll barely misses you.
You hear some strange, mumbled prayers to a god.
Unknown command.
Magic courses through your body. The gnoll closely misses you.
Something hits you.
* * * LOW HITPOINT WARNING * * *
You miss something. You tail-slap something.
The gnoll is no longer moving quickly.
The gnoll hits you from afar with a +0 spear.
* * * LOW HITPOINT WARNING * * *
Something hits you.
You die...

##########
###........############
#.'........'..........#
#.#........##########.#
#.'............#....#.#
###.....######.#..#.#.#
#.................#.#
#.##########......#.#
#.....g{@....(....#.####
#..######..#...........#
#... #<..#.####....#.#
#)..# #...#.#.......#.#
#.g.# #...#.#.#####.#.#
#..#####...#.#.##....#.##
.g#g.........#...##.####...
..............>.....#######
...g.#<....................


You could see a gnoll.

Vanquished Creatures
  Crazy Yiuf (D:2)
  Robin (D:2)
  2 gnolls
  3 adders (D:2)
  A dart slug (D:2)
  3 ball pythons
  An endoplasm (D:1)
  5 hobgoblins
  4 jackals (D:3)
  A kobold (D:1)
  2 quokkas
  4 bats
  6 frilled lizards
  10 goblins
  2 rats (D:2)
46 creatures vanquished.

Vanquished Creatures (others)
  A goblin (D:2)
1 creature vanquished.

Grand Total: 47 creatures vanquished

Notes
Turn   | Place    | Note
-------+----------+-------------------------------------------
     0 | D:1      | dracfodder the Draconian Conjurer began the quest for the
                  | Orb.
     0 | D:1      | Reached XP level 1. HP: 14/14 MP: 3/3
   107 | D:1      | Reached XP level 2. HP: 20/20 MP: 1/5
   141 | D:1      | Learned a level 2 spell: Searing Ray
   472 | D:1      | Found a faded altar of an unknown god.
   904 | D:2      | Found a runed translucent door.
   905 | D:2      | Noticed Crazy Yiuf
  1156 | D:2      | Reached XP level 3. HP: 26/26 MP: 1/6
  1301 | D:2      | Noticed Robin
  1318 | D:2      | Reached skill level 5 in Conjurations
  1320 | D:2      | Killed Robin
  1710 | D:2      | Found a broken altar of Ashenzari.
  1827 | D:2      | Reached XP level 4. HP: 33/33 MP: 3/7
  2315 | D:2      | Killed Crazy Yiuf
  2322 | D:2      | Identified the +2 hammer of Feowakhidd {elec, +Blink rC+}
  2460 | D:3      | Reached skill level 1 in Polearms
  2637 | D:3      | Slain by a gnoll bouda

Illustrated notes

Levels and vault maps discovered:
D:1:      nicolae_arrival_washed_ashore, layout_basic,
          ebering_ecumenical_altar_box
D:2:      layout_basic, basic_altar, kennysheep_generic_room_4,
          uniq_crazy_yiuf_cottage, uniq_robin
D:3:      minmay_recursive_quarters, layout_basic, mainiacjoe_overflow_24_doors,
          marbit_many_paths, minmay_pentangle

Skill      XL: |  1  2  3  4 |
---------------+-------------+-----
Conjurations   | 5 |  5.3
Dodging        | 2 |  2.3
Stealth        | 2 |  2.1
Polearms       | 1 |  1.2
Fighting       | |  0.4
Spellcasting   | |  2.5

Action                   |  1- 3 |  4- 6 || total
-------------------------+-------+-------++-------
Melee: Mace              |     1 |       ||     1
       Spear             |    31 |     1 ||    32
       Tailslap          |     4 |     2 ||     6
       Quarterstaff      |       |    13 ||    13
 Cast: Magic Dart        |    40 |     4 ||    44
       Searing Ray       |     4 |     7 ||    11
Evoke: Wand              |       |     2 ||     2
  Use: Scroll            |     6 |     1 ||     7
       Potion            |       |     1 ||     1
Armor: Skin              |     8 |     6 ||    14
Dodge: Dodged            |    14 |    11 ||    25

Table legend: (Time is in decaauts)
 A = Elapsed time spent in this place.
 B = Non-inter-level travel time spent in this place.
 C = Inter-level travel time spent in this place.
 D = Time resting spent in this place.
 E = Time spent auto-exploring this place.
 F = Levels seen in this place.
 G = Mean time per level.
                   A        B        C        D        E       F      G
               +--------+--------+--------+--------+--------+-----+--------+
         Total |   2642 |   2593 |     49 |    554 |   1602 |   3 |  880.7 |
       Dungeon |   2642 |   2593 |     49 |    554 |   1602 |   3 |  880.7 |
               +--------+--------+--------+--------+--------+-----+--------+

Top non-repeatable levels by time:
     D:2: 1540 daAuts
     D:1: 863 daAuts
     D:3: 238 daAuts
